 Dungeon Crawl Stone Soup version 0.30-a0-169-g06f667207d (webtiles) character file.

Game seed: 9078054441595223265

40 qw the Chopper (level 3, 0/23 HPs)
             Began as a Gargoyle Fighter on Sept 30, 2022.
             Slain by an ogre
             ... wielding a +0 giant spiked club
              (9 damage)
             ... on level 3 of the Dungeon.
             The game lasted 00:00:43 (2007 turns).

qw the Chopper (Gargoyle Fighter)                   Turns: 2007, Time: 00:00:44

Health: 0/23       AC: 15    Str: 21    XL:     3   Next: 50%
Magic:  3/3        EV:  7    Int:  8    God:
Gold:   141        SH:  4    Dex:  9    Spells: 2/2 levels left

rFire   . . .      SeeInvis .    Y - +0 war axe
rCold   . . .      Faith    .    c - +0 buckler
rNeg    + . .      Spirit   .    i - +0 chain mail
rPois   inf        Reflect  .    m - +1 helmet
rElec   +          Harm     .    j - +0 cloak
rCorr   .          Rampage  .    (no gloves)
Will    .....                    (no boots)
Stlth   ..........               (no amulet)
HPRegen 0.07/turn                (no ring)
MPRegen 0.08/turn                (no ring)

@: no status effects
A: sickness immunity, AC +3, negative energy resistance 1, electricity
resistance, torment resistance 1, petrification resistance
a: no special abilities


You were on level 3 of the Dungeon.
You visited 1 branch of the dungeon, and saw 3 of its levels.

You collected 141 gold pieces.


Innate Abilities, Weirdness & Mutations

You are immune to sickness and miasma.
Your stone body is resilient. (AC +3)
You are immune to poison.
You resist negative energy. (rN+)
You are resistant to electric shocks. (rElec)
You are resistant to unholy torment.
You are immune to petrification.


   Skills:
 - Level 3.2 Fighting
 + Level 3.4 Axes
 - Level 3.2 Armour
 - Level 3.2 Shields


You had 2 spell levels left.
You didn't know any spells.
Your spell library was empty.

Inventory:

Hand Weapons
 g - a +2 vorpal mace
 Y - a +0 war axe (weapon)
Armour
 c - a +0 buckler (worn)
 i - a +0 chain mail (worn)
 j - a +0 cloak (worn)
 m - a +1 helmet (worn)
Potions
 a - a potion of curing
 d - a potion of might
 e - a potion of degeneration {unknown}
 f - a potion of heal wounds {unknown}
 h - 2 potions of attraction
 k - a potion of cancellation {unknown}
 l - a potion of flight {unknown}

Dungeon Overview and Level Annotations

Branches:
Dungeon (3/15)

Altars:
Okawaru
Ru


Message History

Sorry, I don't know how to get there.
1994 ||| Stepping randomly (stuck).
Sorry, I don't know how to get there.
Sorry, I don't know how to get there.
1995 ||| Stepping randomly (stuck).
Sorry, I don't know how to get there.
Sorry, I don't know how to get there.
1996 ||| Stepping randomly (stuck).
Sorry, I don't know how to get there.
Sorry, I don't know how to get there.
1997 ||| Stepping randomly (stuck).
Sorry, I don't know how to get there.
Sorry, I don't know how to get there.
1998 ||| Stepping randomly (stuck).
Sorry, I don't know how to get there.
Sorry, I don't know how to get there.
1999 ||| Stepping randomly (stuck).
An ogre comes into view. It is wielding a +0 giant spiked club.
Found a sacrificial altar of Ru.
The ogre shouts!
You slash the ogre!
The ogre is heavily wounded.
You block the ogre's attack.
You hit the ogre.
The ogre is severely wounded.
The ogre hits you but does no damage.
You hit the ogre.
The ogre is severely wounded.
The ogre hits you with a +0 giant spiked club.
You barely miss the ogre.
The ogre is severely wounded.
The ogre hits you with a +0 giant spiked club!
Ouch! That really hurt!
You closely miss the ogre.
The ogre is severely wounded.
The ogre closely misses you.
You hit the ogre.
The ogre is severely wounded.
The ogre hits you with a +0 giant spiked club!
You die...

##### #..@#
##.#O...¤..
#.#.¤~~¤~~
####.#~..~~¤¤
#....#~.¤.¤.¤
#.###.#~.¤._.~ #.
#.#¤.~...~
#.##.###.#~..~~¤¤
#........#


You could see an ogre.

Vanquished Creatures
  2 adders (D:2)
  A worm (D:2)
  2 ball pythons (D:2)
  3 endoplasms
  3 hobgoblins
  2 bats (D:1)
  5 goblins
  A kobold (D:2)
  2 rats
21 creatures vanquished.

Vanquished Creatures (others)
  9 plants (D:1)
9 creatures vanquished.

Grand Total: 30 creatures vanquished

Notes
Turn   | Place    | Note
-------+----------+-------------------------------------------
     0 | D:1      | qw the Gargoyle Fighter began the quest for the Orb.
     0 | D:1      | Reached XP level 1. HP: 14/14 MP: 1/1
     0 | D:1      | 0 ||| qw: Version: 0.2-a-12-gaebbb33
     0 | D:1      | 0 ||| qw: Game counter: 1404
     0 | D:1      | 0 ||| qw: Always use a shield: true
     0 | D:1      | 0 ||| qw: God list: Okawaru
     0 | D:1      | 0 ||| qw: Allow faded altars: false
     0 | D:1      | 0 ||| qw: Do Orc after D:15 true
     0 | D:1      | 0 ||| qw: Do second Lair branch before Depths: true
     0 | D:1      | 0 ||| qw: Lair rune preference: random
     0 | D:1      | 0 ||| qw: Plans: Normal, Zot:1-4, God:TSO, Crypt, Tomb,
                  | Pan, Slime:5, Hells, Abyss, Orb
     0 | D:1      | 0 ||| PLANNING D:1-11
     3 | D:1      | 3 ||| DROPPING +1 vorpal hand axe.
   305 | D:1      | 305 ||| DROPPING +0 club.
   322 | D:1      | 322 ||| DROPPING +0 whip.
   660 | D:1      | Reached XP level 2. HP: 18/19 MP: 2/2
   846 | D:1      | 846 ||| UPGRADING to +1 helmet.
   851 | D:1      | 851 ||| READING scroll labelled SUSATI NUXKOEH.
   852 | D:1      | 852 ||| READING scroll labelled MOHUK SEYSHOONIY.
   853 | D:1      | 853 ||| READING scroll labelled JANATI BYKEUTO.
   854 | D:1      | 854 ||| READING scroll labelled XATREU ZIMP.
   855 | D:1      | 855 ||| READING scroll labelled EMYMIVVETAR.
   896 | D:1      | 896 ||| DRINKING 3 fizzy golden potions.
  1214 | D:2      | Reached skill level 3 in Axes
  1271 | D:2      | Reached XP level 3. HP: 18/23 MP: 3/3
  1864 | D:2      | 1864 ||| UPGRADING to +0 chain mail.
  1874 | D:2      | 1874 ||| DROPPING +0 scale mail.
  1875 | D:2      | 1875 ||| UPGRADING to +0 cloak.
  1880 | D:2      | 1880 ||| READING scroll labelled SIERUA FUADIQ.
  1881 | D:2      | 1881 ||| DRINKING 2 fizzy grey potions.
  1971 | D:3      | Found an iron altar of Okawaru.
  1972 | D:3      | 1972 ||| PLANNING OKAWARU WORSHIP
  1972 | D:3      | 1972 ||| READING scroll labelled SISSUDASHE.
  1977 | D:3      | 1977 ||| Stepping randomly (stuck).
  1978 | D:3      | 1978 ||| Stepping randomly (stuck).
  1979 | D:3      | 1979 ||| Stepping randomly (stuck).
  1980 | D:3      | 1980 ||| Stepping randomly (stuck).
  1981 | D:3      | 1981 ||| Stepping randomly (stuck).
  1982 | D:3      | 1982 ||| Stepping randomly (stuck).
  1983 | D:3      | 1983 ||| Stepping randomly (stuck).
  1984 | D:3      | 1984 ||| Stepping randomly (stuck).
  1985 | D:3      | 1985 ||| Stepping randomly (stuck).
  1986 | D:3      | 1986 ||| Stepping randomly (stuck).
  1987 | D:3      | 1987 ||| Stepping randomly (stuck).
  1988 | D:3      | 1988 ||| Stepping randomly (stuck).
  1989 | D:3      | 1989 ||| Stepping randomly (stuck).
  1990 | D:3      | 1990 ||| Stepping randomly (stuck).
  1991 | D:3      | 1991 ||| Stepping randomly (stuck).
  1992 | D:3      | 1992 ||| Stepping randomly (stuck).
  1993 | D:3      | 1993 ||| Stepping randomly (stuck).
  1994 | D:3      | 1994 ||| Stepping randomly (stuck).
  1995 | D:3      | 1995 ||| Stepping randomly (stuck).
  1996 | D:3      | 1996 ||| Stepping randomly (stuck).
  1997 | D:3      | 1997 ||| Stepping randomly (stuck).
  1998 | D:3      | 1998 ||| Stepping randomly (stuck).
  1999 | D:3      | 1999 ||| Stepping randomly (stuck).
  1999 | D:3      | Found a sacrificial altar of Ru.
  1999 | D:3      | Noticed an ogre
  2007 | D:3      | Slain by an ogre

Levels and vault maps discovered:
D:1:      roderic_crop_circles_arrival_small, layout_basic
D:2:      wad_pebble_path, layout_basic
D:3:      layout_loops_corners, mainiacjoe_overflow_paths,
          mainiacjoe_overflow_small_starburst,
          dreamdust_ecumenical_altar_hidden_monk_grotto,
          gammafunk_ghost_necromancy, serial_bayou_ford_a, minmay_crystal_room,
          minmay_misc_feat_four_crosses, uniq_crazy_yiuf_cottage

Skill      XL: |  1  2 |
---------------+-------+-----
Axes           | 2 3 |  3.4
Fighting       | |  3.2
Armour         | |  3.2
Shields        | |  3.2

Action                   || total
-------------------------++-------
Melee: War axe           ||    96
  Use: Scroll            ||     7
       Potion            ||     2
Armor: Scale mail        ||    44
       Chain mail        ||     1
Dodge: Dodged            ||    47
Block: Buckler           ||    14

Table legend:
 A = Non-vault XP
 B = Vault XP
 C = Vault XP percentage of total XP
 D = Non-vault monster count
 E = Vault monster count
 F = Vault count percentage of total count
                 A         B        C        D         E       F
            +---------+---------+-------+---------+---------+-------
      Total |      58 |       0 |   0.0 |      21 |       0 |   0.0
            +---------+---------+-------+---------+---------+-------
        D:1 |      11 |       0 |   0.0 |       7 |       0 |   0.0
        D:2 |      46 |       0 |   0.0 |      13 |       0 |   0.0
        D:3 |       1 |       0 |   0.0 |       1 |       0 |   0.0
            +---------+---------+-------+---------+---------+-------
